Map: Dreamcatcher LE

Players

Has - Winner!

  • Race: Protoss Protoss
  • League: Master
  • Spawn Location: 11:00

HeroMarine

  • Race: Terran Terran
  • Spawn Location: 5:00

Event: WCS Austin 2018

VOD

Have the link to the VOD?

Description

Time

  • Played on: June 1, 2018, 11:23 p.m.
  • Length: 4:48

All games in this series

Show
View Real Time Build Order
Export as new Build Order

Has Protoss - Winner!

Build Orders: Proxy Void Ray 

Get SALT Encoding   

  12  0:08  Pylon  
  12  0:12  Probe  
  13  0:26  Gateway  
  13  0:29  Probe  
  14  0:41  Probe  
  15  0:43  Assimilator  
  15  0:54  Probe  
  15  0:55  Assimilator  
  17  1:13  Pylon  
  17  1:14  Probe, Cybernetics Core  
  17  1:26  Probe  
  17  1:32  Assimilator  
  18  1:38  Probe  
  19  1:45  Adept  
  19  1:51  Stargate  
  21  1:58  Probe  
  22  2:10  Adept, Probe  
  25  2:22  Pylon  
  25  2:26  Void Ray  
  29  2:44  Shield Battery  
  29  2:59  Void Ray, Shield Battery  
  29  3:05  Shield Battery  
  33  3:26  Pylon  
  33  3:36  Void Ray  
  33  3:47  Shield Battery  
  37  3:54  Shield Battery  
Show
View Real Time Build Order
Export as new Build Order

HeroMarine Terran 

Build Orders:  

Get SALT Encoding   

  12  0:00  SCV  
  13  0:12  SCV  
  14  0:17  Supply Depot  
  14  0:24  SCV  
  14  0:28  Refinery  
  15  0:38  SCV  
  16  0:44  Barracks  
  16  0:50  SCV  
  17  1:02  SCV  
  18  1:15  SCV  
  19  1:31  Orbital Command  
  20  1:40  Marine  
  20  1:42  Factory  
  20  1:56  SCV  
  20  1:57  Supply Depot  
  20  1:58  Marine  
  22  2:08  SCV  
  23  2:19  Marine  
  23  2:21  Command Center, SCV  
  25  2:29  Widow Mine  
  27  2:36  Starport  
  28  2:40  Bunker  
  28  2:42  Marine  
  28  2:59  Supply Depot  
  28  3:00  Marine  
  29  3:06  Cyclone  
  29  3:12  Refinery  
  31  3:23  Viking  
  33  3:30  SCV  
  33  3:35  Orbital Command  
  33  3:39  Refinery  
  33  3:42  SCV  
  33  3:48  Marine  
  34  3:54  SCV, Viking  
  36  3:58  Bunker  
  36  4:00  Refinery  
  36  4:06  Widow Mine, Marine, SCV  
  37  4:18  SCV  
  38  4:30  Marine, SCV  
Tags
 
Add a new tag
Caveats
  • Supply blocks, unpowered buildings, or Contaminate may cause inaccurate times.
  • Supply counts are checked every 10 seconds.